Map: Waterfall

Players

RagnaroK (SHIN)

  • Race: Zerg Zerg
  • League: Master
  • Spawn Location: 7:00

Creator - Winner!

  • Race: Protoss Protoss
  • League: Master
  • Spawn Location: 1:00

VOD

Have the link to the VOD?

Description

Time

  • Played on: Oct. 20, 2022, 8:03 a.m.
  • Length: 11:04
Show
View Real Time Build Order
Export as new Build Order

RagnaroK Zerg 

Build Orders: Hatch First 

Get SALT Encoding   

  12  0:01  Drone  
  13  0:12  Overlord  
  13  0:16  Drone  
  14  0:31  Drone x2  
  16  0:42  Drone  
  17  0:52  Hatchery  
  17  0:55  Drone  
  17  0:59  Drone  
  18  1:09  Extractor  
  17  1:14  Spawning Pool  
  17  1:17  Drone  
  17  1:21  Drone  
  18  1:28  Drone  
  19  1:39  Drone  
  20  1:50  Drone  
  21  2:01  Zergling x2  
  22  2:04  Queen x2  
  22  2:05  Zergling x2  
  27  2:13  Overlord  
  27  2:15  Drone  
  28  2:16  Metabolic Boost  
  28  2:33  Hatchery  
  28  2:35  Drone  
  28  2:37  Zergling x2  
  28  2:40  Zergling x2  
  28  2:43  Zergling x2  
  31  2:49  Queen  
  33  2:54  Overlord  
  34  2:58  Drone  
  34  2:59  Drone  
  34  3:01  Drone  
  36  3:13  Drone x4  
  36  3:14  Drone  
  36  3:15  Drone  
  36  3:19  Drone  
  43  3:20  Drone  
  43  3:24  Drone  
  43  3:26  Drone  
  43  3:31  Drone  
  43  3:34  Drone  
  44  3:37  Spore Crawler  
  44  3:41  Drone  
  44  3:44  Drone  
  44  3:45  Drone  
  46  3:51  Drone  
  46  3:53  Drone  
  46  3:55  Spore Crawler, Drone  
  48  3:59  Spore Crawler  
  48  4:00  Drone  
  47  4:05  Drone x3  
  47  4:09  Drone, Extractor  
  50  4:15  Overlord x3  
  51  4:19  Overlord  
  51  4:22  Overlord  
  51  4:25  Overlord  
  51  4:27  Overlord  
  50  4:33  Overlord  
  50  4:34  Drone  
  50  4:35  Queen  
  54  4:38  Drone x2  
  54  4:41  Drone x2  
  54  4:44  Extractor  
  56  4:46  Zergling x6  
  56  4:49  Zergling x4  
  56  4:51  Zergling x4  
  62  4:53  Drone  
  62  4:55  Drone  
  62  4:57  Drone  
  65  5:01  Roach Warren  
  65  5:05  Drone x3  
  65  5:06  Drone  
  67  5:10  Lair  
  67  5:11  Drone  
  67  5:12  Drone  
  69  5:21  Drone x4  
  69  5:25  Drone x2  
  69  5:26  Drone  
  69  5:27  Drone  
  76  5:29  Drone  
  76  5:31  Drone x3  
  76  5:32  Extractor  
  76  5:34  Evolution Chamber  
  78  5:41  Drone  
  77  5:45  Drone  
  77  5:46  Drone x2  
  77  5:48  Drone, Hatchery  
  80  5:50  Drone x3  
  80  5:53  Zergling x2  
  80  5:54  Zergling x2  
  80  5:56  Extractor  
  84  5:58  Zergling x4, Baneling Nest  
  84  6:00  Overlord  
  84  6:01  Roach  
  84  6:02  Zergling x2, Roach  
  90  6:05  Zerg Melee Weapons Level 1  
  90  6:07  Zergling x4  
  90  6:09  Extractor  
  90  6:10  Queen  
  93  6:13  Glial Reconstitution  
  93  6:14  Overlord  
  93  6:18  Roach x2  
  96  6:21  Overlord  
  96  6:24  Roach x2  
  100  6:27  Roach  
  100  6:28  Roach x2  
  100  6:30  Overlord  
  100  6:31  Overlord  
  105  6:37  Zergling x8  
  105  6:39  Zergling x2  
  110  6:40  Ravager  
  110  6:41  Ravager  
  110  6:42  Zergling x2  
  110  6:43  Zergling x2  
  114  6:51  Zergling x4  
  116  6:56  Roach x3  
  116  6:57  Centrifugal Hooks, Roach  
  124  7:02  Drone x3  
  124  7:05  Drone  
  124  7:06  Drone x5  
  133  7:11  Drone x2  
  135  7:18  Infestation Pit  
  135  7:19  Drone  
  135  7:22  Zergling x6, Overseer  
  138  7:25  Drone  
  138  7:26  Ravager x2  
  138  7:28  Roach  
  143  7:30  Overlord x4  
  143  7:34  Overlord  
  143  7:35  Overlord  
  143  7:37  Overlord  
  143  7:40  Overlord  
  143  7:43  Spore Crawler  
  141  7:47  Overlord  
  141  7:49  Drone  
  141  7:50  Drone  
  141  7:51  Drone x3, Spine Crawler  
  146  7:53  Roach x4  
  146  7:54  Roach  
  146  7:58  Hive  
  154  8:00  Drone x2  
  154  8:01  Drone  
  154  8:02  Zergling x4  
  154  8:03  Zergling x2  
  159  8:07  Zerg Melee Weapons Level 2  
  159  8:10  Drone x3, Overlord  
  159  8:12  Zergling x8, Extractor  
  165  8:17  Zergling x6, Roach  
  168  8:23  Zergling x4, Hatchery  
  169  8:30  Zergling x10, Roach  
  176  8:35  Overlord  
  176  8:39  Spire  
  176  8:41  Drone x4  
  178  8:43  Zergling x6, Roach, Extractor  
  178  8:45  Zergling x6, Extractor  
  178  8:46  Zergling x2  
  186  8:48  Zergling x4  
  186  8:52  Zergling x6  
  188  8:56  Baneling  
  187  9:03  Pneumatized Carapace  
  187  9:05  Zergling x8  
  190  9:13  Overseer x2  
  182  9:20  Drone x2  
  182  9:22  Baneling x9  
  184  9:28  Spore Crawler  
  184  9:30  Zergling x10, Roach x6  
  184  9:31  Roach  
  182  9:35  Spore Crawler  
  181  9:39  Baneling x3  
  181  9:40  Baneling x3  
  181  9:45  Extractor  
  179  9:46  Zergling x16, Roach  
  179  9:47  Extractor  
  179  9:48  Baneling x21  
  179  9:49  Baneling x5  
  179  9:50  Baneling x2  
  188  9:54  Zergling x8  
  188  9:55  Baneling  
  188  9:56  Baneling x2  
  188  9:58  Zergling x6  
  194  10:02  Mutalisk x2  
  194  10:06  Zergling x6  
  188  10:18  Zergling x24, Roach  
  165  10:22  Roach x3  
  165  10:25  Roach  
  165  10:27  Baneling x7  
  173  10:31  Roach x3  
  173  10:34  Zergling x2  
  160  10:37  Zergling x12  
  160  10:41  Roach  
  160  10:42  Roach x2  
Show
View Real Time Build Order
Export as new Build Order

Creator Protoss - Winner!

Build Orders: 1 Gate Expand, Oracle Opening, Archon Immortal 

Get SALT Encoding   

  12  0:00  Probe  
  13  0:12  Pylon  
  13  0:17  Probe (Chrono Boost)  
  14  0:26  Probe (Chrono Boost)  
  15  0:31  Probe (Chrono Boost)  
  16  0:38  Gateway  
  16  0:43  Probe  
  16  0:48  Assimilator  
  17  0:55  Probe  
  18  1:08  Probe  
  19  1:20  Probe  
  19  1:25  Nexus  
  20  1:37  Cybernetics Core  
  20  1:39  Probe  
  21  1:44  Assimilator  
  21  1:51  Probe  
  22  1:54  Pylon  
  22  2:03  Probe  
  23  2:10  Adept (Chrono Boost)  
  25  2:16  Probe  
  25  2:18  Stargate  
  26  2:26  Warp Gate  
  26  2:29  Probe (Chrono Boost)  
  27  2:30  Adept (Chrono Boost)  
  30  2:37  Probe (Chrono Boost)  
  31  2:46  Probe x2 (Chrono Boost)  
  32  2:51  Probe (Chrono Boost)  
  32  2:52  Probe  
  32  2:53  Adept  
  36  3:00  Oracle (Chrono Boost)  
  36  3:04  Probe  
  40  3:05  Probe  
  41  3:14  Pylon  
  41  3:16  Probe  
  41  3:18  Probe  
  43  3:32  Probe x2  
  45  3:35  Void Ray (Chrono Boost)  
  45  3:36  Adept  
  45  3:41  Gateway  
  47  3:45  Probe x2  
  47  3:46  Pylon  
  49  3:51  Assimilator  
  49  3:54  Assimilator  
  49  3:57  Probe x2  
  51  4:03  Oracle (Chrono Boost)  
  54  4:11  Probe  
  54  4:12  Probe  
  56  4:20  Adept  
  58  4:25  Probe  
  58  4:30  Nexus  
  58  4:31  Probe  
  60  4:36  Pylon  
  60  4:40  Probe  
  60  4:44  Robotics Facility  
  61  4:46  Probe  
  61  4:47  Pylon  
  62  4:54  Oracle  
  62  4:56  Probe  
  62  4:58  Probe  
  67  5:05  Sentry, Gateway  
  67  5:06  Sentry  
  71  5:08  Probe  
  71  5:11  Probe  
  73  5:22  Probe  
  73  5:23  Shield Battery  
  73  5:26  Probe  
  75  5:34  Probe  
  76  5:37  Pylon  
  76  5:38  Probe  
  76  5:39  Pylon  
  76  5:42  Immortal (Chrono Boost)  
  81  5:45  Sentry x2  
  81  5:46  Probe (Chrono Boost)  
  84  5:50  Probe (Chrono Boost)  
  84  5:52  Twilight Council, Probe (Chrono Boost), Forge  
  86  5:58  Probe (Chrono Boost), Assimilator  
  86  6:00  Assimilator  
  86  6:01  Probe (Chrono Boost)  
  86  6:04  Probe (Chrono Boost)  
  88  6:05  Probe (Chrono Boost)  
  88  6:06  Probe (Chrono Boost)  
  88  6:09  Probe (Chrono Boost)  
  90  6:12  Probe, Stalker  
  90  6:14  Observer  
  90  6:15  Pylon  
  95  6:28  Protoss Ground Weapons Level 1, Charge  
  95  6:30  Templar Archives  
  95  6:31  Pylon  
  95  6:33  Gateway  
  95  6:35  Warp Prism, Gateway  
  95  6:36  Probe  
  95  6:37  Probe x2  
  100  6:45  Zealot x3  
  106  6:54  Gateway  
  106  6:56  Gateway  
  106  6:58  Gateway  
  106  7:02  Probe x3  
  106  7:03  Pylon  
  106  7:05  Gateway  
  106  7:06  Psionic Storm  
  109  7:10  High Templar  
  109  7:11  High Templar x2  
  109  7:15  Immortal  
  119  7:17  Pylon  
  119  7:24  Pylon  
  119  7:26  Photon Cannon  
  119  7:29  Pylon  
  119  7:42  High Templar x2  
  123  7:44  Zealot x3  
  123  7:48  Photon Cannon  
  129  7:51  Pylon  
  129  7:53  Photon Cannon  
  129  7:54  Immortal  
  129  7:57  Nexus  
  133  7:59  Probe x3  
  133  8:00  Pylon  
  136  8:06  Photon Cannon  
  136  8:11  Probe x2  
  136  8:12  Stalker, Probe, High Templar x2  
  143  8:13  Zealot  
  143  8:16  Archon  
  147  8:23  Probe  
  147  8:24  Probe x2, Photon Cannon  
  150  8:29  High Templar x2  
  150  8:33  Immortal (Chrono Boost)  
  158  8:35  Pylon  
  158  8:37  Assimilator  
  158  8:38  Protoss Ground Weapons Level 2 (Chrono Boost)  
  158  8:39  Archon  
  158  8:40  Assimilator  
  158  8:42  Pylon  
  158  8:52  Zealot x2, High Templar x2  
  166  8:56  Pylon x2  
  166  8:57  Pylon  
  166  8:59  Archon  
  166  9:06  Photon Cannon  
  166  9:08  Immortal (Chrono Boost)  
  166  9:09  Photon Cannon  
  170  9:17  High Templar  
  170  9:18  Zealot x4, High Templar  
  170  9:19  Zealot  
  170  9:23  Archon  
  184  9:37  High Templar x2  
  188  9:41  Nexus  
  188  9:42  Pylon x2  
  188  9:43  Archon  
  188  9:44  Photon Cannon  
  188  9:52  High Templar x2  
  192  9:53  Zealot x3  
  192  9:56  Photon Cannon  
  198  10:01  Archon  
  198  10:04  Stalker  
  198  10:12  Archon  
  194  10:18  Stalker x3  
  194  10:19  Stalker x3  
  166  10:24  Stalker x2  
  174  10:33  Zealot  
  158  10:44  Archon  
  158  10:45  Zealot x6  
  158  10:52  Stalker x2  
Tags
 
Add a new tag
Caveats
  • Supply blocks, unpowered buildings, or Contaminate may cause inaccurate times.
  • Supply counts are checked every 10 seconds.